Get step-by-step instructions on how to execute this build order below. Start the game timer, and the build order will tick by so you can play in parallel with StarCraft on a second screen or mobile device.

Game Time

  0:00

Last Step

  N/A

Next Step

  12  0:00  Drone  

Upcoming Step

  13  0:12  Overlord  

Don't want to look back and forth between 2 screens? Try out our Overwolf App, the Spawning Tool Build Advisor to get an in-game overlay with this build!

Complete Build Order

  12  0:00  Drone  
  13  0:12  Overlord  
  13  0:17  Drone  
  14  0:31  Drone x2  
  17  0:35  Drone  
  17  0:52  Hatchery  
  17  0:54  Drone  
  17  0:58  Drone  
  18  1:09  Drone, Extractor  
  18  1:16  Spawning Pool  
  17  1:19  Drone  
  18  1:32  Drone  
  19  1:39  Overlord  
  19  1:58  Drone  
  20  2:02  Zergling x2  
  20  2:03  Queen  
  20  2:04  Queen  
  20  2:05  Drone  
  26  2:10  Baneling Nest  
  26  2:12  Zergling x2  
  26  2:15  Zergling x2  
  27  2:22  Drone  
  28  2:27  Metabolic Boost, Drone  
  29  2:34  Zergling x2  
  32  2:46  Zergling x2  
  32  2:51  Overlord  
  33  2:53  Queen  
  33  2:55  Baneling x2  
  33  2:58  Baneling  
  33  3:01  Drone  
  33  3:02  Drone x2  
  35  3:11  Overlord, Drone  
  35  3:12  Drone  
  37  3:14  Drone  
  37  3:16  Drone x2  
  37  3:18  Baneling  
  40  3:22  Zergling x4  
  42  3:28  Queen  
  42  3:32  Drone  
  42  3:33  Zergling x2  
  46  3:35  Zergling x2  
  46  3:38  Drone  
  48  3:41  Drone  
  48  3:44  Drone  
  48  3:47  Lair  
  50  3:51  Extractor x2  
  50  3:53  Drone  
  49  3:56  Drone  
  49  4:01  Drone  
  51  4:04  Overlord, Drone  
  51  4:05  Drone  
  52  4:10  Overlord  
  52  4:17  Overlord  
  52  4:20  Extractor  
  52  4:24  Drone  
  51  4:26  Drone  
  51  4:28  Drone  
  53  4:36  Drone  
  54  4:39  Drone  
  54  4:40  Drone x2  
  54  4:41  Drone x2  
  54  4:42  Drone x2  
  61  4:48  Spire  
  61  4:49  Drone  
  60  4:58  Zergling x2  
  61  5:00  Zergling x2  
  61  5:04  Hatchery  
  61  5:08  Zergling x2  
  62  5:15  Zergling x14  
  62  5:19  Overlord  
  65  5:33  Baneling  
  65  5:34  Zergling x2  
  65  5:35  Baneling, Zergling x2  
  67  5:36  Overlord  
  59  6:01  Mutalisk  
  59  6:02  Mutalisk x6  
  70  6:06  Mutalisk  
  70  6:09  Spine Crawler  
  70  6:10  Mutalisk  
  73  6:16  Zergling x4  
  75  6:23  Zergling x2  
  75  6:27  Zergling x4  
  75  6:28  Baneling x2  
  77  6:34  Overlord  
  77  6:37  Zergling x12  
  83  6:42  Drone x2  
  83  6:45  Drone  
  86  6:48  Drone  
  86  6:52  Drone  
  87  6:56  Drone  
  87  6:59  Overlord  
  87  7:00  Extractor  
  87  7:01  Evolution Chamber  
  87  7:03  Drone x2  
  87  7:05  Drone x4  
  87  7:06  Hydralisk Den  
  87  7:08  Drone x3  
  94  7:09  Drone  
  94  7:11  Roach Warren, Overlord  
  94  7:14  Drone  
  95  7:18  Extractor  
  95  7:21  Drone  
  95  7:26  Drone x2  
  97  7:31  Drone  
  97  7:34  Drone  
  97  7:37  Hydralisk  
  97  7:38  Hydralisk x5  
  109  7:46  Overlord, Lurker Den  
  109  7:48  Drone x4  
  109  7:50  Glial Reconstitution  
  113  7:51  Roach  
  113  7:52  Overseer  
  113  7:55  Overlord  
  115  7:59  Hydralisk  
  115  8:02  Overlord  
  117  8:09  Roach x2  
  117  8:11  Overlord  
  121  8:15  Roach x3  
  129  8:20  Roach x7  
  129  8:24  Baneling x4  
  129  8:25  Overlord  
  139  8:27  Overlord  
  139  8:28  Overlord  
  137  8:34  Overlord  
  137  8:42  Roach x2  
  137  8:45  Overlord  
  141  8:53  Roach x9  
  159  8:59  Roach x2  
  163  9:10  Overlord  
  163  9:12  Lurker x7